 Dungeon Crawl Stone Soup version 0.18-a0-1120-g03bd624 (webtiles) character file.

1370 wvc the Cleaver (level 8, -3/67 HPs)
             Began as a Naga Hunter on Jan 17, 2016.
             Was a Believer of Cheibriados.
             Killed by nerve-wracking pain
             ... invoked by an orc priest
              (11 damage)
             ... on level 6 of the Dungeon.
             The game lasted 00:13:22 (5693 turns).

wvc the Cleaver (Naga Hunter)                       Turns: 5693, Time: 00:13:22

Health: -3/67      AC: 14    Str: 20    XL:     8   Next: 65%
Magic:  8/8        EV: 10    Int: 19    God:    Cheibriados [**....]
Gold:   132        SH:  0    Dex: 19    Spells: 0 memorised, 7 levels left

rFire  . . .     SeeInvis +     a - +0 hand axe (venom)
rCold  + . .     Gourm    .     m - +2 leather armour {rC+}
rNeg   . . .     Faith    .     (no shield)
rPois  +         Spirit   .     g - +0 helmet
rElec  .         Dismiss  .     e - +0 cloak
rCorr  .         Reflect  .     l - +0 pair of gloves
SustAt .         Harm     .     (no barding)
MR     +....                    (no amulet)
Stlth  ++........               (no ring)
                                j - +5 ring of protection

@: very slow, somewhat resistant to hostile enchantments, unstealthy
A: see invisible, deformed body, poison resistance, slowness 2, slow metabolism
1, spit poison 2, AC +2
a: Spit Poison, Bend Time, Renounce Religion


You were on level 6 of the Dungeon.
You worshipped Cheibriados.
Cheibriados was pleased with you.
You were not hungry.

You visited 1 branch of the dungeon, and saw 6 of its levels.

You collected 191 gold pieces.
You spent 59 gold pieces at shops.

Inventory:

Hand Weapons
 a - a +0 hand axe of venom (weapon)
 h - a +0 war axe
 s - a +0 blowgun
 v - a +2 hand axe of draining
Missiles
 c - 6 javelins (quivered)
 d - 2 throwing nets
 t - 31 poisoned needles
Armour
 e - a +0 cloak (worn)
 g - a +0 helmet (worn)
 l - a +0 pair of gloves (worn)
 m - a +2 leather armour of cold resistance (worn)
Jewellery
 j - a +5 ring of protection (left hand)
 q - a +3 ring of protection
Scrolls
 r - a scroll of enchant weapon
 x - a scroll of recharging
 y - a scroll of teleportation
Potions
 i - 3 potions of curing
 k - a potion of magic
 n - 2 potions of agility
 p - 2 potions of flight
 u - a potion of cancellation
 w - 2 potions of brilliance
Books
 b - a book of Maledictions

   Spells                             Type                      Level
   a - Corona                         Hexes                        1
   b - Ensorcelled Hibernation        Hexes/Ice                    2
   c - Confuse                        Hexes                        3
   d - Tukima's Dance                 Hexes                        3
   e - Dazzling Spray                 Conjuration/Hexes            3
Comestibles
 f - 3 bread rations
 o - 2 meat rations


   Skills:
 - Level 2.0 Fighting
 * Level 9.7 Axes
 - Level 3.6 Throwing
 - Level 1.8 Armour
 - Level 2.1 Dodging
 - Level 1.5 Stealth


You had 7 spell levels left.
You didn't know any spells.

Dungeon Overview and Level Annotations

Branches:
Dungeon (6/15)
 Temple: D:4-7

Altars:
Cheibriados
Dithmenos
Elyvilon
Fedhas
Okawaru
Pakellas
Ru
Trog
Yredelemnul

Shops:
D:4 *


Innate Abilities, Weirdness & Mutations

You cannot wear boots.
Your serpentine skin is tough (AC +2).
You have supernaturally acute eyesight.
Armour fits poorly on your strangely shaped body.
Your system is resistant to poisons.
You cover ground very slowly.
You have a slow metabolism.
You can spit poison.


Message History

The orc priest mumbles some strange prayers to Beogh against you.
Something smites you!
* * * LOW HITPOINT WARNING * * *
The orc hits you but does no damage.
You see here a gnoll corpse.
You closely miss the orc warrior.
The orc warrior is almost dead.
You hit the orc but do no damage.
You kill the orc warrior!
Cheibriados appreciates the change of pace.
You hit the orc priest.
The orc priest is poisoned.
The orc priest is lightly wounded.
You hit the orc.
The orc is poisoned.
The orc is almost dead.
You kill the orc!
Cheibriados thoroughly appreciates the change of pace.
Cheibriados raises the support of your attributes as your movement slows.
The orc priest calls down the wrath of Beogh upon you.
Pain shoots through your body!
You die...

#..#.........#
##..#........#
#######.##########
.........##
..........##
###........###
#...#####...#
#.... ##...###
#... #...)@o###
##.. #....#†).#..#
## #..(.##......#
#....#...###..#
######..## ...
..## . ..# ..# #..


You could see an orc priest.

Vanquished Creatures
  A hippogriff (D:5)
  An orc warrior (D:6)
  A sky beast (D:5)
  A phantom (D:4)
  The ghost of wvc the Chucker, an amateur NaHu (D:4)
  An ogre (D:4)
  2 centaurs
  A water moccasin zombie (D:5)
  A hound (D:5)
  2 orc wizards
  An orc priest (D:5)
  A jelly (D:5)
  A giant frog skeleton (D:5)
  Natasha (thrice) (D:3)
  5 worker ants
  7 adders
  4 gnolls (D:6)
  An ooze (D:1)
  An adder skeleton (D:5)
  3 worms
  2 giant geckos
  17 orcs
  8 giant cockroaches
  4 goblins
  3 hobgoblins (D:1)
  14 jackals
  2 quokkas (D:2)
  2 ball pythons (D:3)
  14 bats
  A giant cockroach zombie (D:5)
  A giant gecko skeleton (D:5)
  3 giant newts
  6 kobolds
  6 rats
122 creatures vanquished.

Notes
Turn   | Place    | Note
--------------------------------------------------------------
     0 | D:1      | wvc the Naga Hunter began the quest for the Orb.
     0 | D:1      | Reached XP level 1. HP: 19/19 MP: 1/1
   270 | D:1      | Reached XP level 2. HP: 26/26 MP: 2/2
   444 | D:1      | Reached skill level 1 in Armour
   644 | D:1      | Reached skill level 1 in Axes
   833 | D:1      | Reached XP level 3. HP: 32/32 MP: 3/3
  1047 | D:1      | HP: 1/32 [kobold (2)]
  1619 | D:2      | Reached XP level 4. HP: 36/39 MP: 4/4
  1979 | D:3      | Noticed Natasha
  1986 | D:3      | Killed Natasha
  2182 | D:3      | Noticed Natasha
  2186 | D:3      | Killed Natasha
  2186 | D:3      | Reached XP level 5. HP: 35/45 MP: 5/5
  2247 | D:3      | Noticed Natasha
  2257 | D:3      | Killed Natasha
  2567 | D:3      | Found a blossoming altar of Fedhas.
  2568 | D:3      | Found a faded altar to an unknown god.
  2808 | D:3      | Reached skill level 4 in Axes
  2886 | D:3      | Found a snail-covered altar of Cheibriados.
  2886 | D:3      | Found a bloodstained altar of Trog.
  2887 | D:3      | Found a basalt altar of Yredelemnul.
  2887 | D:3      | Found a white marble altar of Elyvilon.
  2889 | D:3      | Found an oddly glowing altar of Pakellas.
  2894 | D:3      | Became a worshipper of Cheibriados the Contemplative
  3185 | D:4      | Noticed a phantom
  3244 | D:4      | Noticed wvc's ghost (amateur NaHu)
  3290 | D:4      | Reached XP level 6. HP: 46/52 MP: 6/6
  3295 | D:4      | Found Xoinuvo's Assorted Antiques.
  3308 | D:4      | Bought 3 glowing grey potions for 59 gold pieces
  3668 | D:4      | Killed a phantom
  3668 | D:4      | Reached skill level 5 in Axes
  4132 | D:4      | Found a sacrificial altar of Ru.
  4183 | D:4      | Killed wvc's ghost
  4183 | D:4      | Reached * piety under Cheibriados
  4183 | D:4      | Reached skill level 6 in Axes
  4183 | D:4      | Reached XP level 7. HP: 48/60 MP: 7/7
  4584 | D:5      | Entered Level 5 of the Dungeon
  4591 | D:5      | Found a shadowy altar of Dithmenos.
  4725 | D:5      | Reached skill level 7 in Axes
  4789 | D:5      | Noticed a hippogriff
  4812 | D:5      | Killed a hippogriff
  4812 | D:5      | Reached skill level 8 in Axes
  4812 | D:5      | Reached XP level 8. HP: 35/67 MP: 8/8
  5037 | D:5      | Reached ** piety under Cheibriados
  5317 | D:5      | Reached skill level 9 in Axes
  5446 | D:6      | Found an iron altar of Okawaru.
  5693 | D:6      | Killed from afar by an orc priest

Vault maps used:
D:1:      lightli_arrival_farm
D:3:      minitemple, fedhas_altar_3, ecumenical_altar_1, st_stairs_8,
          hex_large, uniq_natasha
D:4:      serial_shops, nicolae_shop_overgrown_old_shop, nicolae_ru_awakened_eye
D:5:      nicolae_dithmenos_shadow_blocks, first_bread
D:6:      okawaru_ov_weapons_minmay, minmay_temple_entry_glass,
          kennysheep_minor_cross

Action                   |  1- 3 |  4- 6 |  7- 9 || total
-------------------------+-------+-------+-------++-------
Melee: Short sword       |    60 |       |       ||    60
       Hand axe          |    98 |   130 |   190 ||   418
       War axe           |       |    33 |       ||    33
Throw: Javelin           |     2 |    14 |       ||    16
 Abil: Spit Poison       |     2 |     2 |     2 ||     6
  Use: Potion            |     1 |     1 |       ||     2
       Scroll            |       |     9 |     3 ||    12
 Stab: Sleeping          |     2 |     1 |     2 ||     5
       Distracted        |       |       |     1 ||     1
  Eat: Beef jerky        |     1 |     1 |       ||     2
       Meat ration       |       |     1 |       ||     1
       Fruit             |       |     2 |       ||     2
       Chunk             |       |     1 |     1 ||     2
